 Dungeon Crawl Stone Soup version 0.28-a0-1555-g9ae15a6949 (webtiles) character file.

Game seed: 5802577219279157424

501 Hasart the Insei (level 7, -1/45 HPs)
             Began as an Octopode Transmuter on Jan 18, 2022.
             Slain by an orc wizard (4 damage)
             ... on level 5 of the Dungeon.
             The game lasted 00:08:47 (5232 turns).

Hasart the Insei (Octopode Transmuter)              Turns: 5232, Time: 00:08:47

Health: -1/45      AC:  1    Str:  9    XL:     7   Next: 17%
Magic:  0/11       EV: 13    Int: 18    God:
Gold:   127        SH:  0    Dex: 12    Spells: 5/11 levels left

rFire   . . .      SeeInvis .     - Unarmed
rCold   . . .      Faith    .   (no shield)
rNeg    . . .      Spirit   +   (helmet restricted)
rPois   +          Reflect  .   k - amulet of guardian spirit
rElec   .          Harm     .   h - ring of poison resistance
rCorr   .          Rampage  .   (no ring)
Will    .....                   (no ring)
Stlth   ++........              (no ring)
HPRegen 0.15/turn               (no ring)
MPRegen 0.12/turn               (no ring)
                                (no ring)
                                (no ring)

@: no status effects
A: almost no armour, amphibious, 8 rings, camouflage 1, gelatinous body 1,
(nimble swimmer 1), tentacles
a: no special abilities


You were on level 5 of the Dungeon.
You visited 2 branches of the dungeon, and saw 7 of its levels.

You collected 127 gold pieces.

Inventory:

Missiles
 b - 2 boomerangs (quivered)
Jewellery
 h - a ring of poison resistance (left tentacle)
 k - an amulet of guardian spirit (around mantle)
 l - a ring of wizardry
Wands
 f - a wand of paralysis (5)
Scrolls
 c - 3 scrolls of teleportation {unknown}
 e - 4 scrolls of immolation {unknown}
 j - 2 scrolls of identify {unknown}
 m - a scroll of blinking {unknown}
 n - a scroll of enchant weapon {unknown}
Potions
 a - a potion of invisibility {unknown}
 d - 3 potions of heal wounds {unknown}
 g - a potion of brilliance {unknown}
 i - 2 potions of curing {unknown}


   Skills:
 + Level 2.3 Fighting
 + Level 2.0 Throwing
 + Level 3.0 Dodging
 * Level 4.8 Unarmed Combat
 + Level 2.9 Spellcasting
 + Level 3.1 Transmutations
 * Level 3.4 Poison Magic


You had 5 spell levels left.
You knew the following spells:

 Your Spells              Type           Power      Damage    Failure   Level
a - Beastly Appendage     Tmut           26%        N/A       4%          1
b - Wereblood             Tmut           13%        N/A       7%          2
c - Spider Form           Tmut/Pois      14%        N/A       13%         3

Your spell library contained the following spells:

 Spells                   Type           Power      Damage    Failure   Level
 Pain                     Necr           8%         1d4       17%         1
 Call Canine Familiar     Summ           2%         N/A       45%         3
 Portal Projectile        Hex/Tloc       4%         N/A       45%         3
 Ice Form                 Ice/Tmut       8%         N/A       65%         4
 Leda's Liquefaction      Hex/Erth       1%         N/A       86%         4
 Agony                    Necr           2%         N/A       99%         5
 Excruciating Wounds      Necr           1%         N/A       99%         5


Dungeon Overview and Level Annotations

Branches:
Dungeon (6/15)             Temple (1/1) D:4

Altars:
Ashenzari
Cheibriados
Dithmenos
Fedhas
Hepliaklqana
Kikubaaqudgha
Makhleb
Nemelex Xobeh
Qazlal
Ru
Trog
Wu Jian
Xom

Shops:
D:1 =

Annotations:
D:2 Sigmund


Innate Abilities, Weirdness & Mutations

You cannot wear most types of armour.
You are amphibious.
You can wear up to eight rings at the same time.
Your skin changes colour to match your surroundings (Stealth+).
Your rubbery body absorbs attacks. (AC +1, EV +1)
((You are camouflaged when in or above water. (Stealth+)))
You have tentacles for arms and can constrict up to eight enemies at once.


Message History

* * * LOW HITPOINT WARNING * * *
The orc priest closely misses you. The orc barely misses you.
Unknown command.
You tentacle-slap the orc priest but do no damage.
You squeeze the orc priest.
You kill the orc priest!
Something hits you.
* * * LOW HITPOINT WARNING * * *
The orc closely misses you.
Your Dodging skill increases to level 3!
You tentacle-slap the orc but do no damage.
You grab the orc.
The orc is lightly wounded.
You constrict the orc. Something hits you.
* * * LOW HITPOINT WARNING * * *
The orc closely misses you.
Unknown command.
You bludgeon the orc!
You kill the orc!
Something hits you.
* * * LOW HITPOINT WARNING * * *
Unknown command.
You closely miss something. Something hits you.
* * * LOW HITPOINT WARNING * * *
Unknown command.
You closely miss something.
You hear some strange, mumbled words.
Something tries to affect you, but you resist.
Unknown command.
You miss something. Something completely misses you.
Unknown command.
You miss something.
Your tentacle-slap misses something.
Your squeeze misses something. Something hits you.
* * * LOW HITPOINT WARNING * * *
Unknown command.
You closely miss something. Your squeeze misses something.
Unknown command.
You tentacle-slap something. Something hits you but does no damage.
You miss something. Something hits you.
You die...

.................##
#...........
................###...........
...........##.........
......................
...............#......
...............##.....
......................
......................
........@)......######
.......)){.....##
..............##
..............#
..............#
....<..........
.###.......#... ##......##..


There were no monsters in sight!

Vanquished Creatures
  An ice beast (D:3)
  A water moccasin skeleton (D:5)
  A centaur zombie (D:4)
  3 orc priests
  3 hounds
  An iguana (D:5)
  4 adders
  A worm (D:2)
  3 dart slugs
  7 orcs
  8 bats
  7 endoplasms
  3 giant cockroaches
  4 hobgoblins
  7 jackals (D:1)
  2 kobolds
  2 quokkas
  8 ball pythons
  5 frilled lizards
  3 goblins
  10 rats
84 creatures vanquished.

Notes
Turn   | Place    | Note
-------+----------+-------------------------------------------
     0 | D:1      | Hasart the Octopode Transmuter began the quest for the Orb.
     0 | D:1      | Reached XP level 1. HP: 13/13 MP: 3/3
   202 | D:1      | Reached XP level 2. HP: 13/18 MP: 3/5
   209 | D:1      | Learned a level 2 spell: Wereblood
   687 | D:1      | Reached XP level 3. HP: 21/23 MP: 6/6
  1201 | D:1      | Found Hikecia's One-of-a-Kind Rings.
  1253 | D:2      | Found a faded altar of an unknown god.
  1348 | D:2      | Learned a level 3 spell: Spider Form
  1728 | D:2      | Noticed Sigmund
  1740 | D:3      | Reached XP level 4. HP: 14/28 MP: 7/7
  2045 | D:3      | You fall into a shaft and drop 3 floors!
  2066 | D:5      | Entered Level 5 of the Dungeon
  2140 | D:5      | Noticed a necrophage
  2145 | D:5      | Reached skill level 1 in Poison Magic
  2283 | D:4      | Reached skill level 1 in Throwing
  2304 | D:4      | Reached skill level 4 in Unarmed Combat
  2304 | D:4      | Reached XP level 5. HP: 14/34 MP: 8/8
  2506 | D:4      | Found a staircase to the Ecumenical Temple.
  2526 | Temple   | Entered the Ecumenical Temple
  3381 | D:3      | Noticed an ice beast
  3403 | D:3      | Killed an ice beast
  3404 | D:3      | Reached XP level 6. HP: 39/39 MP: 7/10
  4901 | D:5      | Reached XP level 7. HP: 26/45 MP: 6/11
  5232 | D:5      | Slain by an orc wizard

Illustrated notes

Levels and vault maps discovered:
D:1:      ncdulo_wetmaze, layout_loops_cross, nicolae_shop_unique_rings
D:2:      layout_basic, hellmonk_ecumenical_altar_pennies_from_heaven,
          uniq_sigmund
D:3:      layout_loops_corners
D:4:      layout_basic, minmay_temple_entry_slanted
D:5:      layout_layer_cave, mainiacjoe_overflow_brackets, minmay_crystal_room,
          chequers_serial_rivers_small_a
D:6:      layout_rooms, mainiacjoe_overflow_concentric_impassable,
          serial_bayou_pond_a, minmay_hedge_maze, minmay_misc_feat_pillars,
          uniq_duvessa, uniq_maggie
Temple:   oiseaux_autumnal_temple

Skill      XL: |  1  2  3  4  5  6  7 |
---------------+----------------------+-----
Poison Magic   | 1 2 3 |  3.4
Throwing       | 1 2 |  2.0
Unarmed Combat | 4 |  4.8
Fighting       | 2 |  2.3
Transmutations | 3 |  3.1
Dodging        | 3 |  3.0
Spellcasting   | |  2.9

Action                   |  1- 3 |  4- 6 |  7- 9 || total
-------------------------+-------+-------+-------++-------
Melee: Unarmed           |    88 |   107 |    31 ||   226
       Constrict         |    23 |    20 |     2 ||    45
       Kick              |     5 |     2 |       ||     7
       Tentacles         |    18 |    22 |     2 ||    42
       Punch             |       |    10 |     1 ||    11
 Cast: Beastly Appendage |     3 |     1 |       ||     4
       Wereblood         |     1 |     1 |       ||     2
       Spider Form       |       |     2 |     2 ||     4
 Stab: Sleeping          |    13 |     5 |       ||    18
       Distracted        |     1 |       |       ||     1
Armor: Skin              |     5 |     4 |     3 ||    12
Dodge: Dodged            |    49 |    72 |    41 ||   162

Table legend: (Time is in decaauts)
 A = Elapsed time spent in this place.
 B = Non-inter-level travel time spent in this place.
 C = Inter-level travel time spent in this place.
 D = Time resting spent in this place.
 E = Time spent auto-exploring this place.
 F = Levels seen in this place.
 G = Mean time per level.
                   A        B        C        D        E       F      G
               +--------+--------+--------+--------+--------+-----+--------+
         Total |   5215 |   5073 |    142 |      0 |   4402 |   7 |  745.0 |
       Dungeon |   4964 |   4853 |    111 |      0 |   4195 |   6 |  827.3 |
        Temple |    250 |    219 |     31 |      0 |    207 |   1 |  250.0 |
               +--------+--------+--------+--------+--------+-----+--------+

Top non-repeatable levels by time:
     D:4: 1590 daAuts
     D:1: 1245 daAuts
     D:3: 1139 daAuts
     D:5: 487 daAuts
     D:2: 481 daAuts
  Temple: 250 daAuts
     D:6: 20 daAuts
